 Dungeon Crawl Stone Soup version 0.29-a0-283-ga02f740833 (webtiles) character file.

Game seed: 15222534740603492146

25 spaghetti the Skirmisher (level 3, -1/39 HPs)
             Began as an Ogre Berserker on Mar 13, 2022.
             Was a Follower of Trog.
             Succumbed to an adder's poison
             ... on level 3 of the Dungeon.
             The game lasted 00:02:16 (419 turns).

spaghetti the Skirmisher (Ogre Berserker)            Turns: 419, Time: 00:02:16

Health: -1/39      AC:  3    Str: 23    XL:     3   Next: 6%
Magic:  3/3        EV: 10    Int:  8    God:    Trog [*.....]
Gold:   15         SH:  0    Dex:  8    Spells: 2/2 levels left

rFire   . . .      SeeInvis .   a - +0 mace {mace}
rCold   . . .      Faith    .   (no shield)
rNeg    . . .      Spirit   .   b - +0 animal skin
rPois   .          Reflect  .   (helmet restricted)
rElec   .          Harm     .   (no cloak)
rCorr   .          Rampage  .   (gloves unavailable)
Will    .....                   (boots unavailable)
Stlth   +.........              (no amulet)
HPRegen 0.13/turn               (no ring)
MPRegen 0.08/turn               (no ring)

@: lethally poisoned (-1 -> -10), on berserk cooldown, flying, slowed, very slow
A: large, unfitting armour, tough skin 1
a: Renounce Religion, Berserk


You were on level 3 of the Dungeon.
You worshipped Trog.
Trog was aware of your devotion.
You visited 1 branch of the dungeon, and saw 3 of its levels.

You collected 15 gold pieces.


Innate Abilities, Weirdness & Mutations

You are too large for most types of armour.
You have tough skin. (AC +1)


   Skills:
 - Level 4.2 Fighting
 + Level 3.5 Maces & Flails
 - Level 2.8 Dodging


You had 2 spell levels left.
You didn't know any spells.
Your spell library was empty.

Inventory:

Hand Weapons
 a - a +0 mace (weapon) {mace}
Missiles
 c - 3 poisoned darts (quivered) {throwing}
 e - 4 stones {throwing}
Armour
 b - a +0 animal skin (worn)
Scrolls
 g - a scroll of identify {@r1}
 h - a scroll of brand weapon

Dungeon Overview and Level Annotations

Branches:
Dungeon (3/15)

Altars:

Shops:
D:1 ? D:3

* ..#.. ... ... ...
#h# ####### #h#
.......
#.#.##.######.....##
#<#.......gS@.......
#†########h##h....##
#......# #.# .....#
######.###.####.###
#.h..h..∩..#
#####........
#########


You could see an adder, 2 jackals and a hobgoblin.


Message History

You hit the jackal.
You kill the jackal!
Trog accepts your kill.
Unknown command.
You feel sick.
You see here an adder corpse. 😱 HP[-1]
You take 1 damage, and now have 12/58 hp.
You feel a strong urge to attack something.
You feel sick. 😱 HP[-1]
You take 1 damage, and now have 11/58 hp.
You are no longer berserk.
You are exhausted.
You feel yourself slow down. 😱 HP[-3]
You now have 39 max hp (-19).
It was a potion of curing.
You feel better. 😨 HP[+11]
You regained 11 hp, and now have 19/39 hp.
It was a potion of flight.
You feel very buoyant.
You fly up into the air.
The hobgoblin hits you but does no damage.
Okay, then.
As you read the scroll labelled DUEGOEFRIN, it crumbles to dust.
You hear a loud clanging noise!
It was a scroll of noise.
You hear an angry hiss. x2
The hobgoblin barely misses you. x2
You aren't carrying any items that you can evoke.
You aren't carrying any potions.
Okay, then.
The hobgoblin closely misses you. 😮 HP[+1]
Found Idghuhu's Assorted Antiques.
The hobgoblin attacks as you move away!
The hobgoblin hits you but does no damage.
The hobgoblin misses you. The hobgoblin attacks as you move away!
The hobgoblin barely misses you. The hobgoblin hits you.
* * * LOW HITPOINT WARNING * * *
😨 HP[-4]
You take 4 damage, and now have 16/39 hp. 😨 HP[+1]
The hobgoblin barely misses you. The hobgoblin attacks as you move away!
The hobgoblin hits you.
* * * LOW HITPOINT WARNING * * *
An adder comes into view. 😨 HP[-1]
You take 1 damage, and now have 16/39 hp.
A jackal comes into view.
The jackal barks!
The hobgoblin hits you.
* * * LOW HITPOINT WARNING * * *
😨 HP[-1]
You take 1 damage, and now have 15/39 hp.
The adder attacks as you move away! The adder bites you but does no damage.
The jackal misses you. The adder barely misses you.
The jackal bites you but does no damage.
Okay, then.
You aren't carrying any potions.
You aren't carrying any items that you can evoke.
Unknown command.
You aren't carrying any potions.
Okay, then.
You barely miss the jackal. The adder bites you.
* * * LOW HITPOINT WARNING * * *
You are poisoned.
The adder poisons you! The jackal bites you.
* * * LOW HITPOINT WARNING * * *
The adder bites you but does no damage.
The jackal bites you but does no damage.
The adder bites you.
* * * LOW HITPOINT WARNING * * *
You are lethally poisoned!
The adder poisons you! 😱 HP[-6]
You take 6 damage, and now have 9/39 hp.
Unknown command.
Unknown command.
Unknown command.
You closely miss the jackal.
* * * LOW HITPOINT WARNING * * *
You feel very sick.
The jackal bites you but does no damage.
The adder closely misses you.
The jackal bites you but does no damage.
The jackal bites you.
* * * LOW HITPOINT WARNING * * *
The adder closely misses you. 😱 HP[-7]
You take 7 damage, and now have 2/39 hp.
Unknown command.
Unknown command.
Unknown command.
Unknown command.
Unknown command.
You barely miss the jackal.
You die...

Skill      XL: |  1  2 |
---------------+-------+-----
Maces & Flails | 3 |  3.5
Fighting       | |  4.2
Dodging        | |  2.8

Action                   || total
-------------------------++-------
Melee: Mace              ||    43
       Punch             ||     1
Throw: Dart              ||     6
Invok: Berserk           ||     1
  Use: Scroll            ||     2
       Potion            ||     2
Armor: Animal skin       ||    26
Dodge: Dodged            ||    39

Levels and vault maps discovered:
D:1:      dpeg_arrival_stonehenge_8_columns, layout_basic, serial_shops, shop,
          minmay_heptomino_l4
D:2:      layout_rooms, ebering_ecumenical_altar_ruins, hex_tiny
D:3:      layout_loops_ring, nicolae_overflow_crystal_walls,
          nicolae_overflow_squiral, serial_shops, shop,
          nicolae_shop_hallway_stairs, shop

Notes
Turn   | Place    | Note
-------+----------+-------------------------------------------
     0 | D:1      | spaghetti the Ogre Berserker began the quest for the Orb.
     0 | D:1      | Reached XP level 1. HP: 24/24 MP: 1/1
     0 | D:1      | magus.rc [v1.9.6]
    22 | D:1      | magus.rc [v1.9.6]
   125 | D:1      | Reached XP level 2. HP: 24/32 MP: 2/2
   295 | D:1      | Found Bonke's Magic Scroll Boutique.
   302 | D:1      | Reached skill level 3 in Maces & Flails
   372 | D:1      | You fall into a shaft and drop 1 floor!
   379 | D:2      | Noticed a black bear
   396 | D:3      | Reached XP level 3. HP: 17/39 MP: 3/3
   397 | D:3      | HP: 14/58 [jackal (1)]
   408 | D:3      | Found Idghuhu's Assorted Antiques.
   417 | D:3      | HP: 9/39 [adder (1)]
   418 | D:3      | HP: 3/39 [poisoned by an adder]
   419 | D:3      | Succumbed to an adder's poison

Vanquished Creatures
  An adder (D:3)
  A dart slug (D:1)
  2 bats (D:1)
  3 hobgoblins (D:1)
  A jackal (D:3)
  A quokka (D:1)
  2 ball pythons (D:1)
  A frilled lizard (D:1)
  2 goblins (D:1)
  A kobold (D:1)
15 creatures vanquished.

Table legend:
 A = Non-vault XP
 B = Vault XP
 C = Vault XP percentage of total XP
 D = Non-vault monster count
 E = Vault monster count
 F = Vault count percentage of total count
                 A         B        C        D         E       F
            +---------+---------+-------+---------+---------+-------
      Total |      33 |       4 |  10.8 |      12 |       3 |  20.0
            +---------+---------+-------+---------+---------+-------
        D:1 |      18 |       4 |  18.2 |      10 |       3 |  23.1
        D:3 |      15 |       0 |   0.0 |       2 |       0 |   0.0
            +---------+---------+-------+---------+---------+-------

Illustrated notes

Table legend:
 A = Kills in this place as a percentage of kills in entire the game.
 B = Kills by you in this place as a percentage of kills by you in the entire game.
 C = Kills by friends in this place as a percentage of kills by friends in the entire game.
 D = Other kills in this place as a percentage of other kills in the entire game.
 E = Experience gained in this place as a percentage of experience gained in the entire game.
 F = Experience gained in this place divided by the number of levels of this place that you have seen.
                   A       B       C       D       E      F
               +-------+-------+-------+-------+-------+----------------------
         Total | 100.0 | 100.0 |   N/A |   N/A | 100.0 |  12.3
       Dungeon | 100.0 | 100.0 |   N/A |   N/A | 100.0 |  12.3
               +-------+-------+-------+-------+-------+----------------------

Table legend: (Time is in decaauts)
 A = Elapsed time spent in this place.
 B = Non-inter-level travel time spent in this place.
 C = Inter-level travel time spent in this place.
 D = Time resting spent in this place.
 E = Time spent auto-exploring this place.
 F = Levels seen in this place.
 G = Mean time per level.
                   A        B        C        D        E       F      G
               +--------+--------+--------+--------+--------+-----+--------+
         Total |    432 |    432 |      0 |      0 |    272 |   3 |  144.0 |
       Dungeon |    432 |    432 |      0 |      0 |    272 |   3 |  144.0 |
               +--------+--------+--------+--------+--------+-----+--------+

Top non-repeatable levels by time:
     D:1: 379 daAuts
     D:3: 35 daAuts
     D:2: 18 daAuts
